 Dungeon Sprint DCSS version 0.21-a0-274-gc1afaeb (webtiles) character file.

448 potatolord6000 the Carver (level 7, -3/57 HPs)
             Began as a Gnoll Monk on Sept 19, 2017.
             Was a Priest of Hepliaklqana.
             Slain by a molten gargoyle
             ... wielding a +0 mace
              (10 damage)
             ... in the Dungeon (Sprint VII: "The Pits").
             The game lasted 00:04:17 (842 turns).

potatolord6000 the Carver (Gnoll Monk)               Turns: 842, Time: 00:04:17

Health: -3/57      AC:  9    Str:  7    XL:     7   Next: 3%
Magic:  13/13      EV: 12    Int:  7    God:    Hepliaklqana [***...]
Gold:   0          SH:  0    Dex:  7    Spells: 6/6 levels left

rFire    . . .     SeeInvis .   b - +0 long sword (holy)
rCold    . . .     Gourm    .   (no shield)
rNeg     . . .     Faith    .   d - +3 ring mail
rPois    .         Spirit   .   (no helmet)
rElec    .         Reflect  .   (no cloak)
rCorr    .         Harm     .   (no gloves)
MR       .....     NoTele   +   (no boots)
Stlth    +.........             (no amulet)
HPRegen  0.19/turn              (no ring)
MPRegen  0.13/turn              (no ring)

@: very slightly contaminated
A: unchanging attributes, reduced essence, fangs 1, strong nose
a: Recall Ancestor, Ancestor Identity, Transference, Renounce Religion


You were in the Dungeon.
You worshipped Hepliaklqana.
Hepliaklqana was most pleased with you.
You were full.

You visited 1 branch

Inventory:

Hand Weapons
 b - a +0 long sword of holy wrath (weapon)
Armour
 d - a +3 ring mail (worn)
Scrolls
 k - 3 scrolls of remove curse
 l - 5 scrolls of amnesia
Potions
 g - 4 potions of magic
 h - 2 potions of berserk rage
 j - 4 potions of curing
Comestibles
 c - 8 bread rations
 n - 40 fruits
 o - 6 meat rations


   Skills:
 + Level 9.4 Fighting
 + Level 9.4 Long Blades
 + Level 8.4 Armour
 + Level 9.3 Dodging
 - Level 2.4 Stealth
 + Level 8.2 Invocations


You had 6 spell levels left.
You didn't know any spells.

Dungeon Overview and Level Annotations

Branches:
Dungeon (1/1)

Altars:
Ashenzari
Cheibriados
Dithmenos
Elyvilon
Fedhas
Gozag
Hepliaklqana
Kikubaaqudgha
Makhleb
Nemelex Xobeh
Okawaru
Qazlal
Ru
Sif Muna
Trog
Uskayaw
Vehumet
Wu Jian
Xom
Yredelemnul
Zin
The Shining One
Beogh
Jiyva
Lugonu


Innate Abilities, Weirdness & Mutations

Your physical attributes are unchanging.
You have very sharp teeth.
Your uncanny sense of smell can sniff out nearby items.
Your life essence is reduced to manifest your ancestor. (-10% HP)


Message History

You feel better.
The molten gargoyle blasts magma at you!
The bolt of magma hits you!
You feel much better.
You hit the molten gargoyle but do no damage.
Your bite misses the molten gargoyle.
The molten gargoyle is lightly damaged.
The molten gargoyle hits you with a mace!
You are engulfed in flames!
Unknown command.
You hit the molten gargoyle but do no damage.
The molten gargoyle is lightly damaged.
The molten gargoyle hits you with a mace!
You are engulfed in flames!
* * * LOW HITPOINT WARNING * * *
Unknown command.
You hit the molten gargoyle but do no damage.
The molten gargoyle is lightly damaged.
The molten gargoyle hits you with a mace!
You die...

#.#........##.......#
#)###########.......#
#)......# #########
#.......# #...#...#
∆∆∆∆ #..###..#+# ∆
#...#...#.+ ∆
#.......#'# ∆
#.....@9'.# ∆
###########


You could see a molten gargoyle.

Vanquished Creatures
  2 orc warriors (D)
  A gnoll shaman (D)
  An orc priest (D)
  A worker ant (D)
  2 mummies (D)
  3 gnolls (D)
  A river rat (D)
  An adder zombie (D)
  An adder skeleton (D)
  5 orcs (D)
  A bat zombie (D)
  A hobgoblin (D)
  2 jackals (D)
22 creatures vanquished.

Vanquished Creatures (collateral kills)
  Purgy (D)
  A bat (D)
  A bat skeleton (D)
  A ball python (D)
  A ball python zombie (D)
5 creatures vanquished.

Vanquished Creatures (others)
  An orc wizard (D)
  3 battlemagi (D)
4 creatures vanquished.

Grand Total: 31 creatures vanquished

Notes
Turn   | Place    | Note
-------+----------+-------------------------------------------
     0 | D        | potatolord6000 the Gnoll Monk began the quest for the Orb.
     0 | D        | Reached XP level 1. HP: 19/19 MP: 1/1
    21 | D        | Reached skill level 1 in Armour
    52 | D        | Found a bloodstained altar of Trog.
    52 | D        | Found a deep blue altar of Sif Muna.
    52 | D        | Found a viscous altar of Jiyva.
    52 | D        | Found a hazy altar of Hepliaklqana.
    52 | D        | Found an opulent altar of Gozag.
    53 | D        | Found a glowing golden altar of the Shining One.
    53 | D        | Found a glowing silver altar of Zin.
    53 | D        | Found a basalt altar of Yredelemnul.
    53 | D        | Found a shimmering altar of Xom.
    53 | D        | Found an ornate altar of the Wu Jian Council.
    53 | D        | Found a sacrificial altar of Ru.
    53 | D        | Found a stormy altar of Qazlal.
    53 | D        | Found an iron altar of Okawaru.
    53 | D        | Found a sparkling altar of Nemelex Xobeh.
    53 | D        | Found a burning altar of Makhleb.
    53 | D        | Found a blossoming altar of Fedhas.
    53 | D        | Found a white marble altar of Elyvilon.
    53 | D        | Found a shadowy altar of Dithmenos.
    53 | D        | Found a snail-covered altar of Cheibriados.
    55 | D        | Found a radiant altar of Vehumet.
    55 | D        | Found a corrupted altar of Lugonu.
    55 | D        | Found a roughly hewn altar of Beogh.
    58 | D        | Found a shattered altar of Ashenzari.
    58 | D        | Found an ancient bone altar of Kikubaaqudgha.
    58 | D        | Found a hide-covered altar of Uskayaw.
    59 | D        | Became a worshipper of Hepliaklqana the Forgotten
    59 | D        | Reached * piety under Hepliaklqana
    59 | D        | Reached ** piety under Hepliaklqana
    60 | D        | Remembered your ancestor Sizwe as a battlemage
    82 | D        | Reached skill level 1 in Invocations
    85 | D        | Reached XP level 2. HP: 14/23 MP: 1/3
   221 | D        | Reached skill level 5 in Fighting
   226 | D        | Reached skill level 5 in Long Blades
   226 | D        | Reached skill level 5 in Dodging
   226 | D        | Reached XP level 3. HP: 20/29 MP: 3/5
   518 | D        | Reached *** piety under Hepliaklqana
   518 | D        | Noticed an orc warrior
   518 | D        | Noticed an orc warrior
   538 | D        | Killed an orc warrior
   538 | D        | Reached skill level 5 in Armour
   538 | D        | Reached skill level 5 in Invocations
   538 | D        | Reached XP level 4. HP: 32/38 MP: 5/7
   538 | D        | Reached XP level 5. HP: 36/43 MP: 5/8
   558 | D        | Killed an orc warrior
   558 | D        | Reached XP level 6. HP: 50/50 MP: 7/10
   816 | D        | Noticed Purgy
   824 | D        | Killed Purgy
   824 | D        | Reached XP level 7. HP: 45/57 MP: 11/13
   827 | D        | Noticed a molten gargoyle
   842 | D        | Slain by a molten gargoyle

Vault maps used:
D:        pitsprint

Skill      XL: |  1  2  3  4  5  6 |
---------------+-------------------+-----
Armour         | 2 3 5 6 8 |  8.4
Invocations    | 1 3 5 6 8 |  8.2
Fighting       | 5 7 8 9 |  9.4
Long Blades    | 5 7 8 9 |  9.4
Dodging        | 5 6 7 9 |  9.3
Stealth        | |  2.4

Action                   |  1- 3 |  4- 6 |  7- 9 || total
-------------------------+-------+-------+-------++-------
Melee: Falchion          |    27 |       |       ||    27
       Bite              |     2 |     9 |       ||    11
       Long sword        |    12 |    84 |     4 ||   100
Invok: Ancestor Life: Ba |     1 |       |       ||     1
  Use: Potion            |     6 |     3 |     3 ||    12
       Scroll            |       |       |     2 ||     2
 Stab: Invisible         |     2 |     9 |       ||    11
  Eat: Meat ration       |       |     1 |       ||     1
Armor: Robe              |     9 |       |       ||     9
       Ring mail         |     5 |    21 |       ||    26
Dodge: Dodged            |    35 |    36 |       ||    71
       Rpst.: Falchion   |     5 |       |       ||     5
       Long sword        |     3 |     9 |       ||    12

Table legend:
 A = Spawn XP
 B = Non-spawn XP
 C = Spawn XP percentage of total XP
 D = Spawn monster count
 E = Non-spawn monster count
 F = Spawn count percentage of total count
 G = Total turns spent on level
                    A         B        C        D         E        F      G
               +---------+---------+-------+---------+---------+-------+---------
         Total |       0 |     640 |   0.0 |       0 |      28 |   0.0 |   842
               +---------+---------+-------+---------+---------+-------+---------
             D |       0 |     640 |   0.0 |       0 |      28 |   0.0 |   842
               +---------+---------+-------+---------+---------+-------+---------
